Map: Ruines d’Endion

Players

basti - Winner!

  • Race: Zerg Zerg
  • League: Gold
  • Spawn Location: 5:00

zidar

  • Race: Zerg Zerg
  • League: Gold
  • Spawn Location: 7:00

VOD

Have the link to the VOD?

Description

Time

  • Played on: July 1, 2016, 11:45 a.m.
  • Length: 9:06
Show
View Real Time Build Order
Export as new Build Order

basti Zerg - Winner!

Build Orders: Pool First 

Get SALT Encoding   

  12  0:03  Drone  
  13  0:08  Drone  
  14  0:26  Extractor  
  14  0:27  Extractor  
  14  0:28  Drone x2  
  16  0:36  Extractor  
  16  0:41  Spawning Pool  
  14  0:46  Overlord  
  14  1:09  Drone  
  14  1:10  Drone x2  
  17  1:34  Queen  
  19  1:41  Hatchery  
  19  1:44  Zergling x4  
  19  1:46  Zergling x2  
  21  2:03  Zergling x2  
  21  2:07  Overlord  
  22  2:27  Zergling x4  
  24  2:30  Metabolic Boost  
  24  2:35  Baneling Nest  
  23  2:41  Zergling x2  
  24  2:53  Queen, Drone  
  24  2:55  Zergling x4  
  29  3:14  Lair  
  29  3:18  Extractor  
  28  3:22  Drone  
  28  3:23  Drone x2  
  31  3:29  Baneling x4  
  31  3:33  Drone  
  26  4:03  Zergling x8  
  26  4:04  Zergling x8  
  31  4:18  Roach Warren  
  31  4:20  Drone  
  31  4:21  Drone  
  29  4:55  Zergling x6  
  29  4:56  Zergling x8  
  36  5:10  Overlord x2  
  32  5:34  Roach  
  32  5:35  Roach x8  
  44  5:49  Baneling x4  
  44  5:58  Spine Crawler  
  44  5:59  Spine Crawler, Zergling x2  
  44  6:00  Zergling x2  
  44  6:06  Zergling x4  
  34  6:38  Roach x5  
  34  6:39  Roach  
  38  6:41  Zergling x2  
  35  6:51  Zergling x6  
  32  7:16  Queen  
  32  7:17  Queen  
  32  7:18  Drone  
  32  7:20  Drone  
  38  7:24  Drone  
  36  8:00  Baneling x4  
  36  8:05  Drone x4  
  30  8:06  Roach x2  
  32  8:28  Roach x2  
  32  8:29  Roach x2  
  40  8:40  Drone  
  40  8:41  Drone x3  
  44  8:49  Zergling x4  
Show
View Real Time Build Order
Export as new Build Order

zidar Zerg 

Build Orders: Pool First 

Get SALT Encoding   

  12  0:02  Drone  
  13  0:12  Overlord  
  13  0:18  Drone  
  14  0:30  Drone  
  14  0:31  Drone  
  16  0:44  Spawning Pool  
  16  0:45  Drone  
  16  1:08  Hatchery  
  15  1:12  Drone  
  15  1:15  Extractor  
  15  1:17  Drone  
  16  1:30  Queen  
  18  1:37  Drone  
  19  1:49  Zergling x4  
  19  1:50  Zergling x2  
  22  2:01  Overlord  
  22  2:18  Pneumatized Carapace  
  22  2:25  Roach Warren  
  22  2:28  Drone x3  
  24  2:54  Extractor  
  24  2:55  Drone x7  
  30  3:08  Queen  
  32  3:34  Zergling x8  
  36  3:40  Overlord x3  
  26  4:12  Roach x4  
  26  4:13  Roach x2  
  42  4:31  Roach x3  
  44  4:42  Roach x2  
  46  5:02  Roach  
  46  5:03  Roach x4  
  50  5:26  Roach  
  50  5:27  Roach  
  52  5:45  Ravager  
  56  5:50  Drone x5  
  58  6:04  Queen  
  29  6:49  Roach  
  29  6:50  Roach x5  
  30  7:16  Roach x4  
  38  7:40  Roach x3  
  44  7:51  Drone x2  
  34  8:32  Roach x4  
  42  8:42  Drone x2  
  44  8:53  Drone x2  
  44  8:54  Ravager  
Tags
 
Add a new tag
Caveats
  • Supply blocks, unpowered buildings, or Contaminate may cause inaccurate times.
  • Supply counts are checked every 10 seconds.